 Dungeon Crawl Stone Soup version 0.27-a0-445-gbe96e517c0 (webtiles) character file.

Game seed: 7787834838658129476

17559 Patagonicus the Bludgeoner (level 12, -4/162 HPs)
             Began as a Minotaur Berserker on Feb 27, 2021.
             Was a High Priest of Trog.
             Engulfed by an ice statue's freezing vapour (22 damage)
             ... in an ice cave.
             The game lasted 00:39:42 (13830 turns).

Patagonicus the Bludgeoner (Minotaur Berserker)    Turns: 13830, Time: 00:39:43

Health: -4/162     AC: 22    Str: 25    XL:     12   Next: 20%
Magic:  11/11      EV: 10    Int:  5    God:    Trog [*****.]
Gold:   748        SH:  5    Dex: 11    Spells: 11/11 levels left

rFire    + . .     SeeInvis .   J - +7 great mace (vorpal)
rCold    x . .     Faith    .   (shield currently unavailable)
rNeg     . . .     Spirit   .   s - +4 plate armour
rPois    .         Reflect  +   (helmet restricted)
rElec    .         Harm     .   t - +2 cloak
rCorr    .         Rampage  .   (no gloves)
Will     .....                  (no boots)
Stlth    ..........             m - amulet of reflection
HPRegen  0.37/turn              C - ring of fire
MPRegen  0.12/turn              (no ring)

@: berserking (expiring), very quick
A: retaliatory headbutt, horns 2
a: Renounce Religion, Berserk, Trog's Hand, Brothers in Arms


You were in an ice cave.
You worshipped Trog.
Trog was extremely pleased with you.
You visited 2 branches of the dungeon, and saw 12 of its levels.
You also visited: Ice Cave.

You collected 852 gold pieces.
You spent 104 gold pieces at shops.

Inventory:

Hand Weapons
 J - a +7 vorpal great mace (weapon)
Missiles
 l - 6 javelins (quivered)
Armour
 q - a scarf of shadows
 s - a +4 plate armour (worn)
 t - a +2 cloak (worn)
 O - the +1 plate armour "Usiy" {Dex+2}
   (You found it in an ice cave)

   It affects your dexterity (+2).
Jewellery
 m - an amulet of reflection (around neck)
 o - an amulet of faith
 C - a ring of fire (left hand)
 H - a +4 ring of evasion
 M - a ring of resist corrosion
Wands
 k - a wand of digging (12)
 v - a wand of iceblast (11)
 A - a wand of acid (16)
 E - a wand of random effects (20)
 F - a wand of paralysis (11)
 L - a wand of flame (21)
 N - a wand of polymorph (13)
Scrolls
 a - 4 scrolls of fear
 c - 3 scrolls of blinking
 d - 2 scrolls of enchant armour
 e - 3 scrolls of enchant weapon
 i - 5 scrolls of teleportation
 r - 3 scrolls of immolation {unknown}
 w - 5 scrolls of random uselessness
 x - 3 scrolls of fog {unknown}
 y - a scroll of noise {unknown}
 B - 2 scrolls of amnesia
 G - 5 scrolls of identify
 I - a scroll of vulnerability {unknown}
 K - a scroll of acquirement {unknown}
Potions
 b - 4 potions of haste
 f - 2 potions of resistance
 g - 4 potions of flight
 h - 4 potions of curing
 j - 2 potions of brilliance {unknown}
 n - 7 potions of might
 p - 4 potions of lignification
 u - 2 potions of berserk rage
 z - a potion of invisibility {unknown}
 D - 2 potions of attraction {unknown}


   Skills:
 + Level 10.9 Fighting
 + Level 15.1 Maces & Flails
 + Level 10.9 Armour
 + Level 6.5 Dodging
 + Level 2.9 Stealth
 + Level 7.7 Shields


You had 11 spell levels left.
You didn't know any spells.
Your spell library was empty.

Dungeon Overview and Level Annotations

Branches:
Dungeon (10/15)            Temple (0/1) D:7            Lair (2/6) D:10
  Swamp (0/4) Lair:2          Orc (0/2) D:10          IceCv (1/1)
  Snake: Lair:2-4    Spider: Lair:2-4

Altars:
Fedhas
Makhleb
Ru
Uskayaw
Vehumet
Xom

Shops:
D:5 =   D:10 *?

Annotations:
Lair:1 2 transporters IceCv exclusion: 2 ice statues


Innate Abilities, Weirdness & Mutations

You reflexively headbutt those who attack you in melee.
You have a pair of horns on your head.


Message History

Can't find anything matching that.
You see here the +1 plate armour "Usiy" {Dex+2}.
You see here the +1 plate armour "Usiy" {Dex+2}.
O - the +1 plate armour "Usiy" {Dex+2} You see here 22 stones.
You see here a +0 robe.
There is a transporter here.
You enter the transporter and appear at another place.
An ugly thing and 2 ice statues come into view.
The ice statue gestures.
Marking area around 2 ice statues as unsafe for travelling.
Found a brown potion, a tin of tremorstones (2/2), 14 bolts and a papyrus book.
Found an ice covered gate leading back out of this place.
The ice statue gestures at you. The bolt of cold misses you.
Marking area around 2 ice statues as unsafe for travelling.
A red film seems to cover your vision as you go berserk!
You feel yourself moving faster!
You feel mighty!
The ice statue gestures.
The white ugly thing trunk-slaps you. The white ugly thing freezes you!!!
You feel a terrible chill!
You bludgeon the white ugly thing!!
The white ugly thing is heavily wounded.
You beat the white ugly thing like a drum!!!
You kill the white ugly thing!
Trog accepts your kill.
The ice beast hits you but does no damage.
You bludgeon the ice beast!!
The ice beast is almost dead.
The ice statue gestures at you. The bolt of cold hits you!!!
You feel a terrible chill! The ice beast closely misses you.
You are too injured to fight recklessly!
You are too injured to fight recklessly!
The ice statue gestures at you. The freezing blast engulfs you!!!
You feel a terrible chill!
* * * LOW HITPOINT WARNING * * *
You feel a strong urge to attack something.
You are engulfed in freezing vapours.
You die...

####
##...####
........##
.........##
..........##
8..8.......#
.:....YY☼☼.#
}.!....☼☼@.#
.(.....☼☼☼.#
8..8..○....#
..........##
.........##
........##
##...####
####


You could see 2 ice statues and 2 ice beasts.

Vanquished Creatures
  A hydra (Lair:1)
  Erica (D:10)
  The ghost of meliss the Blocker, a novice MiFi of Okawaru (D:6)
  An unseen horror (D:8)
  Pikel (D:4)
  2 ugly things (IceCv)
  An elephant (D:10)
  A cane toad (Lair:1)
  3 komodo dragons
  A rime drake (Lair:2)
  A troll (D:10)
  A blink frog (Lair:2)
  Sigmund (D:4)
  A wyvern (D:10)
  23 yaks
  4 basilisks
  3 water moccasins (Lair:2)
  A swamp drake (D:10)
  6 orc warriors
  19 ice beasts
  4 sky beasts
  3 wolves (Lair:1)
  6 ogres
  2 black bears
  2 centaurs
  A necrophage (D:9)
  A phantom (D:5)
  2 kobold brigands
  12 bullfrogs
  A wyvern zombie (D:7)
  A water moccasin zombie (D:9)
  A wyvern skeleton (D:8)
  2 scorpions
  9 killer bees
  A howler monkey (D:8)
  A wight (D:9)
  An electric eel (D:7)
  A crimson imp (D:3)
  4 centaur zombies
  2 bullfrog zombies
  2 jellies
  A gnoll shaman (D:9)
  5 hounds
  8 orc priests
  Crazy Yiuf (D:2)
  A bullfrog skeleton (D:5)
  A centaur skeleton (D:9)
  2 iguanas
  12 orc wizards
  Ijyb (D:5)
  3 worker ants
  3 hound zombies
  2 hound skeletons
  A mummy (D:6)
  A worker ant zombie (D:6)
  A killer bee simulacrum (D:9)
  A howler monkey zombie (D:6)
  3 gnolls (D:6)
  A howler monkey skeleton (D:7)
  14 adders
  3 white imps
  3 ufetubi
  An ooze (D:4)
  2 adder skeletons
  2 adder zombies
  3 worms
  2 dart slugs (D:2)
  6 leopard geckos
  55 orcs
  9 bats
  3 giant cockroaches
  4 hobgoblins
  19 jackals
  2 quokkas
  A ball python (D:2)
  A ball python skeleton (D:4)
  2 frilled lizards
  2 goblins
  12 kobolds
  A kobold zombie (D:6)
  A leopard gecko zombie (D:7)
  3 orc zombies (D:6)
  11 rats
342 creatures vanquished.

Vanquished Creatures (others)
  A goblin (D:3)
  2 jackals (D:3)
  A fungus (D:10)
  A plant (Lair:2)
5 creatures vanquished.

Grand Total: 347 creatures vanquished

Notes
Turn   | Place    | Note
-------+----------+-------------------------------------------
     0 | D:1      | Patagonicus the Minotaur Berserker began the quest for the
                  | Orb.
     0 | D:1      | Reached XP level 1. HP: 19/19 MP: 0/0
     2 | D:1      | Noticed a demonspawn
     2 | D:1      | Noticed a human
     4 | D:1      | Noticed a naga
     4 | D:1      | Noticed a centaur
     6 | D:1      | Noticed a ghoul
     6 | D:1      | Noticed a tengu
     8 | D:1      | Noticed a gargoyle
     8 | D:1      | Noticed a troll
    10 | D:1      | Noticed an ogre
    12 | D:1      | Noticed a halfling
    14 | D:1      | Noticed a spriggan
    16 | D:1      | Noticed a vampire
    18 | D:1      | Noticed an elf
    18 | D:1      | Noticed a formicid
    20 | D:1      | Noticed a merfolk
    20 | D:1      | Noticed a vine stalker
    22 | D:1      | Noticed a minotaur
    22 | D:1      | Noticed an octopode
    24 | D:1      | Noticed a draconian
    24 | D:1      | Noticed a dwarf
    26 | D:1      | Noticed a felid
    26 | D:1      | Noticed a demigod
   303 | D:1      | Reached XP level 2. HP: 24/27 MP: 1/1
   353 | D:1      | Reached skill level 4 in Maces & Flails
  1190 | D:2      | Reached XP level 3. HP: 33/33 MP: 2/2
  1262 | D:2      | Found a sacrificial altar of Ru.
  1641 | D:2      | Found a runed translucent door.
  1642 | D:2      | Noticed Crazy Yiuf
  2266 | D:2      | Killed Crazy Yiuf
  2266 | D:2      | Reached ** piety under Trog
  2267 | D:2      | Reached XP level 4. HP: 41/41 MP: 3/3
  2456 | D:3      | Found a radiant altar of Vehumet.
  2459 | D:3      | Found a blossoming altar of Fedhas.
  2488 | D:3      | Reached skill level 5 in Maces & Flails
  2553 | D:3      | Reached XP level 5. HP: 44/47 MP: 4/4
  2813 | D:3      | Reached skill level 1 in Stealth
  3047 | D:3      | Found a shimmering altar of Xom.
  3047 | D:3      | Found a burning altar of Makhleb.
  3881 | D:4      | Noticed an ogre
  3886 | D:4      | Killed an ogre
  3887 | D:4      | Reached skill level 6 in Maces & Flails
  3887 | D:4      | Reached skill level 1 in Shields
  3887 | D:4      | Reached XP level 6. HP: 55/55 MP: 5/5
  4017 | D:4      | Noticed Sigmund
  4021 | D:4      | Reached *** piety under Trog
  4022 | D:4      | Reached skill level 5 in Fighting
  4026 | D:4      | Killed Sigmund
  4027 | D:4      | Reached XP level 7. HP: 61/61 MP: 6/6
  4145 | D:4      | Noticed Pikel
  4152 | D:4      | Killed Pikel
  4153 | D:4      | Reached skill level 7 in Maces & Flails
  4153 | D:4      | Reached skill level 5 in Armour
  4153 | D:4      | Reached XP level 8. HP: 69/69 MP: 7/7
  4241 | D:4      | Noticed a +0 hand axe
  4241 | D:4      | Noticed a +0 dagger
  4242 | D:4      | Found a hide-covered altar of Uskayaw.
  4256 | D:4      | Reached skill level 8 in Maces & Flails
  4864 | D:5      | Entered Level 5 of the Dungeon
  4864 | D:5      | Noticed Ijyb
  4882 | D:5      | Killed Ijyb
  4917 | D:5      | Found Muwkoguz's Jewellery Shop.
  5324 | D:5      | Reached skill level 9 in Maces & Flails
  5770 | D:6      | Noticed meliss's ghost (novice MiFi)
  5771 | D:6      | Found a runed translucent door.
  5867 | D:6      | Killed meliss's ghost
  5867 | D:6      | Reached **** piety under Trog
  5868 | D:6      | Reached skill level 10 in Maces & Flails
  5868 | D:6      | Reached XP level 9. HP: 57/78 MP: 8/8
  6384 | D:6      | Reached skill level 5 in Dodging
  7053 | D:7      | Reached skill level 11 in Maces & Flails
  7580 | D:7      | Found a staircase to the Ecumenical Temple.
  7608 | D:7      | Reached skill level 5 in Shields
  8127 | D:8      | Reached XP level 10. HP: 69/88 MP: 9/9
  8921 | D:8      | Killed an unseen horror
  8922 | D:8      | Reached skill level 12 in Maces & Flails
  9703 | D:9      | Reached ***** piety under Trog
 10487 | D:9      | Identified the +6 chain mail of Hepliaklqana's Grace {rC+
                  | Int+4}
 10502 | D:10     | Entered Level 10 of the Dungeon
 10504 | D:10     | Found Agogent's Magic Scroll Boutique.
 10513 | D:10     | Bought a scroll of identify for 26 gold pieces
 10513 | D:10     | Bought a scroll of identify for 26 gold pieces
 10513 | D:10     | Bought a scroll of identify for 26 gold pieces
 10513 | D:10     | Bought a scroll of identify for 26 gold pieces
 10527 | D:10     | Found a burning altar of Makhleb.
 10543 | D:10     | Reached XP level 11. HP: 65/97 MP: 10/10
 10550 | D:10     | Reached skill level 13 in Maces & Flails
 11000 | D:10     | Found a staircase to the Lair.
 11065 | D:10     | Noticed Erica
 11085 | D:10     | Killed Erica
 11299 | D:10     | Found Qobbitru's Evil Emporium.
 11779 | D:10     | Received a gift from Trog
 11789 | D:10     | Reached skill level 10 in Armour
 11803 | D:10     | Reached skill level 14 in Maces & Flails
 11840 | D:10     | Found a staircase to the Orcish Mines.
 11968 | D:10     | Reached skill level 10 in Fighting
 12046 | Lair:1   | Entered Level 1 of the Lair of Beasts
 12130 | Lair:1   | Found a transporter.
 12390 | Lair:1   | Found a transporter.
 12390 | Lair:1   | Noticed a swamp dragon
 12544 | Lair:1   | Found a dark tunnel.
 12584 | Lair:1   | Noticed an eight-headed hydra
 12589 | Lair:1   | Killed an eight-headed hydra
 13182 | Lair:2   | Found a staircase to the Swamp.
 13568 | Lair:2   | Reached XP level 12. HP: 108/108 MP: 11/11
 13575 | Lair:2   | Found a frozen archway.
 13724 | IceCv    | Entered an ice cave
 13730 | IceCv    | Reached skill level 15 in Maces & Flails
 13800 | IceCv    | Found a transporter.
 13812 | IceCv    | Identified the +1 plate armour "Usiy" {Dex+2}
 13830 | IceCv    | Engulfed by an ice statue's freezing vapour

Illustrated notes

Levels and vault maps discovered:
D:1:      kb_arrival_jail, layout_basic
D:2:      layout_basic, old_standard_altar, minmay_tetromino_i4,
          uniq_crazy_yiuf_cottage
D:3:      layout_basic, fiery_altar_vehumet, lemuel_round_altar,
          grunt_temple_overflow_champion_of_chaos
D:4:      layout_rooms, dancing_weapons_uskayaw, roderic_roman_lattice,
          minivault_19, uniq_pikel, uniq_sigmund
D:5:      layout_rooms, serial_shops,
          nicolae_shop_temple_entry_statues_fountains,
          minmay_misc_feat_ornament, uniq_ijyb
D:6:      layout_layer_cave, gammafunk_ghost_grave, minmay_mini_ossuary
D:7:      layout_basic, minmay_temple_entry_antechambers, hex_large,
          kennysheep_minor_cross
D:8:      layout_basic
D:9:      minmay_bloctagon, layout_rooms, serial_undead, serial_undead_b,
          serial_undead_c, serial_undead_e, serial_undead_b, minmay_orc_keep
D:10:     layout_roguey, david_lair_generic, erik_orc_1, serial_shops,
          shop_scrolls, nicolae_evil_shop, uniq_erica
Lair:1:   gammafunk_cloud_chamber, layout_cave_pods,
          nicolae_volcano_entry_s_turn
Lair:2:   layout_gridlike, minmay_swamp_entry_reptiles,
          portal_ice_cave_entry_ice_beasts, serial_bayou_lagoon_a, st_stairs_10,
          kennysheep_abandoned_house
IceCv:    ice_cave_statue_garden_transporter

Skill      XL: |  1  2  3  4  5  6  7  8  9 10 11 12 |
---------------+-------------------------------------+-----
Maces & Flails | 4 5 6 7 10 11 12 14 15 | 15.1
Fighting       | 4 5 6 7 9 10 | 10.9
Armour         | 3 4 5 7 8 9 10 | 10.9
Dodging        | 3 4 5 6 |  6.5
Stealth        | 1 2 |  2.9
Shields        | 1 2 4 5 6 7 |  7.7

Action                   |  1- 3 |  4- 6 |  7- 9 | 10-12 || total
-------------------------+-------+-------+-------+-------++-------
Melee: Mace              |    69 |    68 |       |       ||   137
       Headbutt          |    10 |    17 |    62 |   113 ||   202
       Flail             |       |    24 |   262 |       ||   286
       Dire flail        |       |       |    19 |   436 ||   455
       Great mace        |       |       |       |   105 ||   105
Invok: Berserk           |     1 |     4 |    14 |    16 ||    35
  Use: Scroll            |       |     4 |     1 |     8 ||    13
       Potion            |       |       |     1 |       ||     1
 Stab: Distracted        |     1 |       |       |       ||     1
Armor: Animal skin       |     3 |       |       |       ||     3
       Ring mail         |    28 |    24 |    45 |    44 ||   141
       Scale mail        |       |    12 |    65 |       ||    77
       Plate armour      |       |       |       |   202 ||   202
Dodge: Dodged            |    51 |    42 |   142 |   174 ||   409
Block: Other             |       |    25 |    58 |    96 ||   179

Table legend: (Time is in decaauts)
 A = Elapsed time spent in this place.
 B = Non-inter-level travel time spent in this place.
 C = Inter-level travel time spent in this place.
 D = Time resting spent in this place.
 E = Time spent auto-exploring this place.
 F = Levels seen in this place.
 G = Mean time per level.
                   A        B        C        D        E       F      G
               +--------+--------+--------+--------+--------+-----+--------+
         Total |  13992 |  13274 |    718 |     76 |  11372 |  13 | 1076.3 |
       Dungeon |  12171 |  11507 |    664 |     76 |   9804 |  10 | 1217.1 |
          Lair |   1709 |   1655 |     54 |      0 |   1486 |   2 |  854.5 |
      Ice Cave |    112 |    112 |      0 |      0 |     82 |   1 |  112.0 |
               +--------+--------+--------+--------+--------+-----+--------+

Top non-repeatable levels by time:
     D:8: 1599 daAuts
    D:10: 1502 daAuts
     D:2: 1385 daAuts
     D:3: 1340 daAuts
     D:6: 1302 daAuts
     D:4: 1214 daAuts
     D:7: 1138 daAuts
  Lair:1: 1061 daAuts
     D:1: 1032 daAuts
     D:9: 906 daAuts
     D:5: 749 daAuts
  Lair:2: 648 daAuts
   IceCv: 112 daAuts
